 Dungeon Crawl Stone Soup version 0.22-a0-558-gc224181 (webtiles) character file.

25 iamserjio the Shield-Bearer (level 3, -11/23 HPs)
             Began as a Gargoyle Fighter on June 26, 2018.
             Killed from afar by Sigmund (12 damage)
             ... with a puff of flame
             ... on level 2 of the Dungeon.
             The game lasted 00:02:02 (314 turns).

iamserjio the Shield-Bearer (Gargoyle Fighter)       Turns: 314, Time: 00:02:03

Health: -11/23     AC: 12    Str: 24    XL:     3   Next: 6%
Magic:  3/3        EV: 10    Int:  8    God:
Gold:   0          SH: 10    Dex: 15    Spells: 2/2 levels left

rFire    . . .     SeeInvis .   a - +0 war axe
rCold    . . .     Gourm    .   c - +0 shield
rNeg     + . .     Faith    .   g - +0 chain mail
rPois    ∞         Spirit   .   (no helmet)
rElec    +         Reflect  .   (no cloak)
rCorr    .         Harm     .   (no gloves)
MR       .....                  (no boots)
Stlth    ..........             (no amulet)
HPRegen  0.07/turn              (no ring)
MPRegen  0.08/turn              (no ring)

@: mighty, agile, hasted, very quick
A: negative energy resistance 1, electricity resistance, unbreathing,
petrification resistance, rot immunity, AC +3
a: no special abilities


You were on level 2 of the Dungeon.
You were not hungry.

You visited 1 branch of the dungeon, and saw 3 of its levels.

Inventory:

Hand Weapons
 a - a +0 war axe (weapon)
Armour
 b - a +0 scale mail
 c - a +0 shield (worn)
 g - a +0 chain mail (worn)
Scrolls
 e - a scroll of remove curse {unknown}
 h - a scroll of noise {unknown}
Comestibles
 f - a ration


   Skills:
 - Level 3.4 Fighting
 + Level 2.7 Axes
 - Level 3.4 Armour
 - Level 3.4 Shields


You had 2 spell levels left.
You didn't know any spells.
Your spell library was empty.

Dungeon Overview and Level Annotations

Branches:
Dungeon (3/15)

Altars:

Annotations:
D:2 Sigmund


Innate Abilities, Weirdness & Mutations

You are resistant to torment.
Your stone body is resilient. (AC +3)
You are immune to poison.
You resist negative energy. (rN+)
You are resistant to electric shocks. (rElec)
You can survive without breathing.
You are immune to petrification.
You are immune to rotting.


Message History

It was a potion of haste.
You feel yourself speed up.
The quokka bites you but does no damage.
The jackal bites you but does no damage.
The quokka bites you but does no damage.
It was a potion of agility.
You feel agile all of a sudden. You block the jackal's attack.
Something hits you!
* * * LOW HITPOINT WARNING * * *
Your shield prevents you from hitting something.
Your shield and chain mail prevent you from hitting the quokka.
The quokka bites you but does no damage.
Something hits you.
* * * LOW HITPOINT WARNING * * *
You hit something. You slash the quokka!
You kill the quokka!
You hear some strange, mumbled words.
A puff of flame appears from out of thin air!
The puff of flame hits you!
Ouch! That really hurt!
You die...

#.##.......#.# #.#
... #
######.###..##.#
.... #.# #.#
#.##.# ..... ..###
#.####..#.##!.....
.....
..................
#...
#.#####...##......
#.........# .....
########.{# ....
##@# #.# #h# #
#†.# .....
........
#...(.#### #.##..#
#. #.# .. ..


You could see a jackal.

Vanquished Creatures
  An adder (D:2)
  A bat (D:2)
  3 goblins (D:2)
  2 hobgoblins (D:1)
  2 jackals (D:2)
  A quokka (D:2)
  A ball python (D:2)
  A frilled lizard (D:2)
  A kobold (D:2)
  3 rats
16 creatures vanquished.

Notes
Turn   | Place    | Note
-------+----------+-------------------------------------------
     0 | D:1      | iamserjio the Gargoyle Fighter began the quest for the Orb.
     0 | D:1      | Reached XP level 1. HP: 14/14 MP: 1/1
   159 | D:2      | Reached XP level 2. HP: 18/19 MP: 2/2
   295 | D:2      | Noticed Sigmund
   307 | D:2      | Reached XP level 3. HP: 15/23 MP: 3/3
   313 | D:2      | HP: 1/23 [something (2)]
   314 | D:2      | Killed from afar by Sigmund

Vault maps used:
D:1:      dpeg_arrival_boxes_within_box
D:2:      grunt_dithmenos_smoke, uniq_terence, uniq_sigmund
D:3:      old_standard_altar, uniq_natasha, uniq_jessica, uniq_grinder

Skill      XL: |  1  2 |
---------------+-------+-----
Axes           | 2 |  2.7
Fighting       | |  3.4
Armour         | |  3.4
Shields        | |  3.4

Action                   || total
-------------------------++-------
Melee: War axe           ||    98
  Use: Potion            ||     4
Armor: Chain mail        ||    76
       Scale mail        ||     2
Dodge: Dodged            ||    27
Block: Shield            ||    66

Table legend:
 A = Spawn XP
 B = Non-spawn XP
 C = Spawn XP percentage of total XP
 D = Spawn monster count
 E = Non-spawn monster count
 F = Spawn count percentage of total count
 G = Total turns spent on level
                    A         B        C        D         E        F      G
               +---------+---------+-------+---------+---------+-------+---------
         Total |       0 |      37 |   0.0 |       0 |      16 |   0.0 |   314
               +---------+---------+-------+---------+---------+-------+---------
           D:1 |       0 |       6 |   0.0 |       0 |       4 |   0.0 |   133
           D:2 |       0 |      31 |   0.0 |       0 |      12 |   0.0 |   179
               +---------+---------+-------+---------+---------+-------+---------
